PBL
ARIZONA DIAMONDBACKS @ SAN FRANCISCO GIANTS
03/30/2071
 
TOP OF THE 1ST
Arizona Diamondbacks batting - Pitching for San Francisco Giants : RHP Francisco Mendoza
Pitching: RHP Francisco Mendoza
Batting: RHB Ángel Pérez 0-0: Called Strike
0-1: Ball
1-1: Foul Ball, location: 3SF
1-2: Strikes out swinging
Batting: LHB Pat Phillips 0-0: Ball
1-0: Ball
2-0: Foul Ball, location: 9LMF
2-1: Swinging Strike
2-2: Foul Ball, location: 23FF
2-2: Foul Ball, location: 3SF
2-2: Strikes out looking
Batting: RHB Amelio Díaz 0-0: Ball
1-0: Called Strike
1-1: Foul Ball, location: 5F
1-2: SINGLE (Groundball, 4MD, EV 110.0 MPH)
Batting: SHB David Peters 0-0: Foul Ball, location: 7LMF
0-1: Fielders Choice at 2nd, 6-4 (Groundball, 6, EV 91.9 MPH)
Top of the 1st over - 0 runs, 1 hit, 0 errors, 1 left on base; Arizona 0 - San Francisco 0
BOTTOM OF THE 1ST
San Francisco Giants batting - Pitching for Arizona Diamondbacks : LHP Gabriel Rodríguez
Pitching: LHP Gabriel Rodríguez
Batting: RHB Jorge Luna 0-0: Called Strike
0-1: Called Strike
0-2: Ball
1-2: SOLO HOME RUN (Flyball, 7D, EV 102.5 MPH), Distance : 395 ft
Batting: RHB Rex Tolmie 0-0: Called Strike
0-1: Ball
1-1: Swinging Strike
1-2: Fly out, F8 (Flyball, 8LXD, EV 105.0 MPH)
Batting: LHB Denis Gustafson 0-0: Called Strike
0-1: Ball
1-1: Ball
2-1: Ball
3-1: SINGLE (Groundball, 34D, EV 101.9 MPH)
Batting: RHB Luis Miranda 0-0: Called Strike
0-1: Called Strike
0-2: 2-RUN HOME RUN (Flyball, 7D, EV 106.3 MPH), Distance : 419 ft
Batting: RHB Rafael Pérez 0-0: SINGLE (Groundball, 4MD, EV 94.4 MPH)
Batting: RHB Juan Guzmán 0-0: Ball
1-0: Swinging Strike
1-1: Ball
2-1: Ball
3-1: Base on Balls
Rafael Pérez to second
Batting: SHB Jesús Sosa 0-0: Fly out, F7 (Flyball, 7D, EV 87.5 MPH)
Runner from 2nd tags up, SAFE at 3rd, no throw by LF
Batting: RHB Sean McKinney 0-0: Ball
1-0: Foul Ball, location: 2F
1-1: Foul Ball, location: 23F
1-2: Strikes out swinging
Bottom of the 1st over - 3 runs, 4 hits, 0 errors, 2 left on base; Arizona 0 - San Francisco 3
TOP OF THE 2ND
Arizona Diamondbacks batting - Pitching for San Francisco Giants : RHP Francisco Mendoza
Batting: RHB José Betancourt 0-0: Called Strike
0-1: Ball
1-1: Fly out, F7 (Flyball, 78M, EV 85.6 MPH)
Batting: RHB Rafael Morales 0-0: Ball
1-0: DOUBLE (Line Drive, 3D, EV 106.9 MPH)
Batting: RHB Heinrich Nestroy 0-0: Called Strike
0-1: Swinging Strike
0-2: Foul Ball, location: 9LMF
0-2: Ball
1-2: Ball
2-2: Foul Ball, location: 23FF
2-2: Ball
3-2: Strikes out swinging
Batting: SHB Patrick Jennings 0-0: Swinging Strike
0-1: Swinging Strike
0-2: Strikes out looking
Top of the 2nd over - 0 runs, 1 hit, 0 errors, 1 left on base; Arizona 0 - San Francisco 3
BOTTOM OF THE 2ND
San Francisco Giants batting - Pitching for Arizona Diamondbacks : LHP Gabriel Rodríguez
Batting: RHB John Trevenot 0-0: Ball
1-0: Swinging Strike
1-1: Called Strike
1-2: Foul Ball, location: 5SF
1-2: Foul Ball, location: 2F
1-2: Ball
2-2: SINGLE (Groundball, 6D, EV 102.5 MPH)
Batting: RHB Jorge Luna 0-0: DOUBLE (Flyball, 89XD, EV 89.4 MPH)
John Trevenot to third
Batting: RHB Rex Tolmie 0-0: Ball
1-0: Ball
2-0: Ground out 5-3 (Groundball, 5L, EV 96.3 MPH)
Batting: LHB Denis Gustafson 0-0: Called Strike
0-1: Ground out 6-3 (Groundball, 4M, EV 85.6 MPH)
John Trevenot scores
Jorge Luna to third
Batting: RHB Luis Miranda 0-0: Ball
1-0: Foul Ball, location: 2F
1-1: Ball
2-1: Foul Ball, location: 9LSF
2-2: Ball
3-2: Foul Ball, location: 7LMF
3-2: Fly out, F8 (Line Drive, 8RM, EV 91.9 MPH)
Bottom of the 2nd over - 1 run, 2 hits, 0 errors, 1 left on base; Arizona 0 - San Francisco 4
TOP OF THE 3RD
Arizona Diamondbacks batting - Pitching for San Francisco Giants : RHP Francisco Mendoza
Batting: LHB Jim Andrés 0-0: Ball
1-0: Ball
2-0: Called Strike
2-1: Called Strike
2-2: Strikes out swinging
Batting: RHB Ángel Pérez 0-0: Ball
1-0: Called Strike
1-1: Ground out U3 (Groundball, 13, EV 85.6 MPH)
Batting: LHB Pat Phillips 0-0: Ball
1-0: Swinging Strike
1-1: Ball
2-1: Swinging Strike
2-2: Strikes out looking
Top of the 3rd over - 0 runs, 0 hits, 0 errors, 0 left on base; Arizona 0 - San Francisco 4
BOTTOM OF THE 3RD
San Francisco Giants batting - Pitching for Arizona Diamondbacks : LHP Gabriel Rodríguez
Batting: RHB Rafael Pérez 0-0: Swinging Strike
0-1: Ball
1-1: Ball
2-1: Called Strike
2-2: Ground out 6-3 (Groundball, 56, EV 86.3 MPH)
Batting: RHB Juan Guzmán 0-0: Foul Ball, location: 3SF
0-1: Ball
1-1: Called Strike
1-2: Fly out, F8 (Flyball, 8LXD, EV 111.3 MPH)
Batting: SHB Jesús Sosa 0-0: Fly out, F7 (Flyball, 78S, EV 86.3 MPH)
Bottom of the 3rd over - 0 runs, 0 hits, 0 errors, 0 left on base; Arizona 0 - San Francisco 4
TOP OF THE 4TH
Arizona Diamondbacks batting - Pitching for San Francisco Giants : RHP Francisco Mendoza
Batting: RHB Amelio Díaz 0-0: Foul Ball, location: 2F
0-1: Foul Ball, location: 2RF
0-2: Ball
1-2: Fly out, F9 (Line Drive, 9S, EV 101.9 MPH)
Batting: SHB David Peters 0-0: Ball
1-0: Swinging Strike
1-1: Swinging Strike
1-2: Strikes out swinging
Batting: RHB José Betancourt 0-0: Ball
1-0: Ball
2-0: Called Strike
2-1: Ball
3-1: Base on Balls
Batting: RHB Rafael Morales 0-0: Swinging Strike
0-1: Swinging Strike
0-2: Strikes out swinging
Top of the 4th over - 0 runs, 0 hits, 0 errors, 1 left on base; Arizona 0 - San Francisco 4
BOTTOM OF THE 4TH
San Francisco Giants batting - Pitching for Arizona Diamondbacks : LHP Gabriel Rodríguez
Pitching: RHP Jim Hall
Batting: RHB Sean McKinney 0-0: Ball
1-0: Swinging Strike
1-1: Ball
2-1: Ground out 5-3 (Groundball, 56, EV 101.9 MPH)
Batting: RHB John Trevenot 0-0: Ball
1-0: Ball
2-0: Ball
3-0: Base on Balls
Batting: RHB Jorge Luna 0-0: Fielders Choice at 2nd, 6-4 (Groundball, 6, EV 87.5 MPH)
Batting: RHB Rex Tolmie 0-0: Ball
1-0: Called Strike
1-1: Ball
2-1: SINGLE (Line Drive, 8RS, EV 103.8 MPH)
Jorge Luna to second
Runner from 2nd tries for 3rd, SAFE, no throw by CF
Batting: LHB Denis Gustafson 0-0: Ball
1-0: Ball
2-0: Ball
3-0: Base on Balls
Rex Tolmie to second
Pinch Hitting: LHB Pablo Cervantes 0-0: Called Strike
0-1: Ground out 6-3 (Groundball, 6S, EV 83.1 MPH)
Bottom of the 4th over - 0 runs, 1 hit, 0 errors, 3 left on base; Arizona 0 - San Francisco 4
TOP OF THE 5TH
Arizona Diamondbacks batting - Pitching for San Francisco Giants : RHP Francisco Mendoza
Pitching: RHP Ryan Roberge
Now at 1B: Fikrin Melifov
Now at 2B: Elmer Encarnación
Now at SS: Mauro Villalobos
Now in RF: Donald Barnes
Batting: RHB Heinrich Nestroy 0-0: Ball
1-0: Swinging Strike
1-1: Ball
2-1: Ball
3-1: Ground out U3 (Groundball, 3, EV 108.1 MPH)
Batting: SHB Patrick Jennings 0-0: Ball
1-0: Called Strike
1-1: Swinging Strike
1-2: Ball
2-2: Strikes out swinging
Batting: LHB Jim Andrés 0-0: Foul Ball, location: 2F
0-1: Ball
1-1: Fly out, F7 (Flyball, 7, EV 97.5 MPH)
Top of the 5th over - 0 runs, 0 hits, 0 errors, 0 left on base; Arizona 0 - San Francisco 4
BOTTOM OF THE 5TH
San Francisco Giants batting - Pitching for Arizona Diamondbacks : RHP Jim Hall
Now at C: Bill Stevens
Now at 1B: Bill Jacobs
Now at 2B: Miguel Santos
Now at SS: Casey Dur
Now in LF: Sadahige Noguchi
Now in CF: David Peters
Batting: RHB Rafael Pérez 0-0: Ball
1-0: Called Strike
1-1: Fly out, F8 (Flyball, 8LM, EV 90.0 MPH)
Batting: LHB Donald Barnes 0-0: Ball
1-0: Ball
2-0: DOUBLE (Flyball, 89XD, EV 103.1 MPH)
Batting: SHB Jesús Sosa 0-0: Called Strike
0-1: Ball
1-1: Foul Ball, location: 5F
1-2: Ball
2-2: Strikes out swinging
Batting: LHB Fikrin Melifov 0-0: Ball
1-0: DOUBLE (Flyball, 78D, EV 104.4 MPH)
Donald Barnes scores
Batting: RHB John Trevenot 0-0: Ball
1-0: Ball
2-0: Foul Ball, location: 2F
2-1: Swinging Strike
2-2: Ball
3-2: Foul Ball, location: 9LMF
3-2: Foul Ball, location: 5FF
3-2: Fly out, F7 (Flyball, 7D, EV 106.3 MPH)
Bottom of the 5th over - 1 run, 2 hits, 0 errors, 1 left on base; Arizona 0 - San Francisco 5
TOP OF THE 6TH
Arizona Diamondbacks batting - Pitching for San Francisco Giants : RHP Ryan Roberge
Now at 3B: Jason Rollins
Now in LF: Mel Franklin
Batting: LHB Bill Jacobs 0-0: Ball
1-0: Ball
2-0: Swinging Strike
2-1: Foul Ball, location: 5FF
2-2: Reached on error, E4 (Groundball, 4, EV 90.0 MPH)
Batting: RHB José Núñes 0-0: Ball
1-0: Ball
2-0: Grounds into double play, 4-6-3 (Groundball, 4MD, EV 97.5 MPH)
Pinch Hitting: RHB Mark Martínez 0-0: Ball
1-0: Swinging Strike
1-1: Called Strike
1-2: Foul Ball, location: 23F
1-2: Ball
2-2: Fly out, F7 (Flyball, 7D, EV 104.4 MPH)
Top of the 6th over - 0 runs, 0 hits, 1 error, 0 left on base; Arizona 0 - San Francisco 5
BOTTOM OF THE 6TH
San Francisco Giants batting - Pitching for Arizona Diamondbacks : RHP Jim Hall
Pitching: RHP Carlos Sánchez
Now at 3B: Mark Martínez
Batting: LHB Mel Franklin 0-0: Ball
1-0: Ground out 4-3 (Groundball, 4, EV 84.4 MPH)
Batting: RHB Rex Tolmie 0-0: Ground out 5-3 (Groundball, 56S, EV 67.5 MPH)
Batting: RHB Elmer Encarnación 0-0: Ground out 4-3 (Groundball, 34, EV 103.8 MPH)
Bottom of the 6th over - 0 runs, 0 hits, 0 errors, 0 left on base; Arizona 0 - San Francisco 5
TOP OF THE 7TH
Arizona Diamondbacks batting - Pitching for San Francisco Giants : RHP Ryan Roberge
Pitching: LHP Hideki Nakashima
Now at C: Alonso Marino
Batting: SHB David Peters 0-0: Foul Ball, location: 2F
0-1: Reached on error, E5 (Groundball, 56S, EV 88.1 MPH)
Batting: RHB José Betancourt 0-0: Ball
1-0: Called Strike
1-1: Ball
2-1: Swinging Strike
2-2: Reached on error, E6 (Groundball, 6, EV 86.9 MPH)
David Peters to second
Batting: LHB Sadahige Noguchi 0-0: Called Strike
David Peters steals 3rd base (no throw)
0-1: Swinging Strike
0-2: Foul Ball, location: 5F
0-2: Ball
1-2: Strikes out swinging
Batting: RHB Casey Dur 0-0: Called Strike
0-1: Swinging Strike
0-2: Ball
1-2: Strikes out swinging
Batting: LHB Bill Stevens 0-0: Ball
1-0: Foul Ball, location: 7LMF
1-1: Swinging Strike
1-2: SINGLE (Line Drive, 8LS, EV 105.6 MPH)
David Peters scores
José Betancourt to second
Runner from 2nd tries for 3rd, SAFE, throw by CF made to third
Batting: LHB Miguel Santos 0-0: Ball
1-0: Fly out, F2 (Popup, 25F, EV 86.3 MPH)
Top of the 7th over - 1 run, 1 hit, 2 errors, 2 left on base; Arizona 1 - San Francisco 5
BOTTOM OF THE 7TH
San Francisco Giants batting - Pitching for Arizona Diamondbacks : RHP Carlos Sánchez
Pitching: RHP Luis León
Batting: RHB Mauro Villalobos 0-0: Ball
1-0: Ball
2-0: Called Strike
2-1: Foul Ball, location: 2F
2-2: Foul Ball, location: 2F
2-2: Hit by Pitch
Batting: RHB Rafael Pérez 0-0: Called Strike
0-1: Foul Ball, location: 9LSF
0-2: Ball
1-2: Ball
2-2: Foul Ball, location: 2F
2-2: Fly out, F4 (Popup, 4, EV 71.9 MPH)
Batting: LHB Donald Barnes 0-0: Fielders Choice at 2nd, 3-6 (Groundball, 3S, EV 83.8 MPH)
Batting: RHB Jason Rollins 0-0: Ball
1-0: Ball
2-0: DOUBLE (Line Drive, 9LM, EV 100.6 MPH)
Donald Barnes to third
Batting: LHB Fikrin Melifov 0-0: Ball
1-0: Foul Ball, location: 7LDF
1-1: Called Strike
1-2: Foul Ball, location: 7LSF
1-2: Ground out 4-3 (Groundball, 34, EV 103.1 MPH)
Bottom of the 7th over - 0 runs, 1 hit, 0 errors, 2 left on base; Arizona 1 - San Francisco 5
TOP OF THE 8TH
Arizona Diamondbacks batting - Pitching for San Francisco Giants : LHP Hideki Nakashima
Pitching: RHP Richard Dooley
Batting: LHB Bill Jacobs 0-0: Ball
1-0: Foul Ball, location: 2F
1-1: Foul Ball, location: 2LF, Error on foul ball, E2
1-2: Fly out, F8 (Flyball, 8LXD, EV 101.9 MPH)
Batting: RHB José Núñes 0-0: Called Strike
0-1: Called Strike
0-2: Strikes out looking
Batting: RHB Mark Martínez 0-0: Ball
1-0: Called Strike
1-1: Foul Ball, location: 7LDF
1-2: Ball
2-2: Ball
3-2: SOLO HOME RUN (Flyball, 78XD, EV 111.3 MPH), Distance : 423 ft
Batting: SHB David Peters 0-0: Swinging Strike
0-1: Foul Ball, location: 3F
0-2: Ball
1-2: Ball
2-2: Foul Ball, location: 2F
2-2: Strikes out swinging
Top of the 8th over - 1 run, 1 hit, 1 error, 0 left on base; Arizona 2 - San Francisco 5
BOTTOM OF THE 8TH
San Francisco Giants batting - Pitching for Arizona Diamondbacks : RHP Luis León
Batting: RHB Alonso Marino 0-0: Ball
1-0: Fly out, F9 (Flyball, 9, EV 86.9 MPH)
Batting: LHB Mel Franklin 0-0: Foul Ball, location: 2F
0-1: Ball
1-1: Ball
2-1: Foul Ball, location: 9LSFF
2-2: Foul Ball, location: 3DF
2-2: Ball
3-2: Base on Balls
Batting: RHB Rex Tolmie 0-0: Fly out, F3 (Popup, 13, EV 86.9 MPH)
Batting: RHB Elmer Encarnación 0-0: Ball
1-0: Foul Ball, location: 7LSF
1-1: Ground out 2-3 (Groundball, 13S, EV 66.3 MPH)
Bottom of the 8th over - 0 runs, 0 hits, 0 errors, 1 left on base; Arizona 2 - San Francisco 5
TOP OF THE 9TH
Arizona Diamondbacks batting - Pitching for San Francisco Giants : RHP Richard Dooley
Pitching: RHP Joe Sheehan
Batting: RHB José Betancourt 0-0: Swinging Strike
0-1: SINGLE (Groundball, 34D, EV 106.3 MPH)
Batting: LHB Sadahige Noguchi 0-0: Foul Ball, location: 2F
0-1: Foul Ball, location: 7LDF
0-2: Ball
1-2: Grounds into double play, 4-6-3 (Groundball, 4, EV 94.4 MPH)
Batting: RHB Casey Dur 0-0: Ball
1-0: Called Strike
1-1: Ball
2-1: Ground out 5-3 (Groundball, 56, EV 100.6 MPH)
Top of the 9th over - 0 runs, 1 hit, 0 errors, 0 left on base; Arizona 2 - San Francisco 5
Thursday, April 4th , 2024 - OOTP Baseball 24.10 Build 82